 Dungeon Crawl Stone Soup version 0.26.1-2-gb8aa6d0cf2 (webtiles) character file.

Game seed: 189140279238095968

291 Ladykiller69 the Chopper (level 6, -4/52 HPs)
             Began as a Hill Orc Gladiator on Mar 19, 2021.
             Slain by an orc wizard
             ... wielding a +2 dagger of distortion
              (13 damage)
             ... on level 4 of the Dungeon.
             The game lasted 00:06:18 (3922 turns).

Ladykiller69 the Chopper (Hill Orc Gladiator)       Turns: 3922, Time: 00:06:19

Health: -4/52      AC: 10    Str: 19    XL:     6   Next: 32%
Magic:  6/6        EV:  8    Int:  8    God:
Gold:   125        SH:  0    Dex: 12    Spells: 5/5 levels left

rFire    . . .     SeeInvis .   a - +0 war axe
rCold    . . .     Faith    .   (no shield)
rNeg     . . .     Spirit   .   p - +0 chain mail
rPois    .         Reflect  .   u - +2 hat
rElec    .         Harm     .   (no cloak)
rCorr    .         Rampage  .   (no gloves)
Will     .....                  (no boots)
Stlth    ..........             (no amulet)
HPRegen  0.17/turn              (no ring)
MPRegen  0.10/turn              (no ring)

@: confused
A: no striking features
a: no special abilities


You were on level 4 of the Dungeon.
You visited 1 branch of the dungeon, and saw 4 of its levels.

You collected 125 gold pieces.

Inventory:

Hand Weapons
 a - a +0 war axe (weapon)
Missiles
 d - 3 throwing nets (quivered)
 v - 31 poisoned darts
Armour
 c - a +0 helmet
 p - a +0 chain mail (worn)
 u - a +2 hat (worn)
Jewellery
 e - an uncursed amulet of regeneration {unknown}
Scrolls
 b - a scroll of amnesia {unknown}
 g - 2 scrolls of teleportation {unknown}
 i - 3 scrolls of identify {unknown}
 j - a scroll of immolation {unknown}
 k - a scroll of blinking {unknown}
 n - 5 scrolls of remove curse {unknown}
 o - a scroll of noise {unknown}
 q - 2 scrolls of enchant armour {unknown}
 r - a scroll of enchant weapon {unknown}
 s - 2 scrolls of magic mapping {unknown}
 t - a scroll of fear {unknown}
Potions
 f - a potion of degeneration {unknown}
 h - 2 potions of resistance {unknown}
 l - a potion of flight {unknown}
 m - 3 potions of curing {unknown}
 w - a potion of ambrosia {unknown}
 x - a potion of haste {unknown}
 z - a potion of heal wounds {unknown}


   Skills:
 + Level 4.0 Fighting
 * Level 6.4 Axes
 - Level 2.1 Throwing
 + Level 2.6 Armour
 + Level 3.2 Dodging


You had 5 spell levels left.
You didn't know any spells.
Your spell library was empty.

Dungeon Overview and Level Annotations

Branches:
Dungeon (4/15)
 Temple: D:4-7

Altars:
Ashenzari
Okawaru
Trog


Message History

You see here 23 stones.
Found a stone staircase leading up.
You bump into the rock wall.
You hear some strange, mumbled words.
A magic dart appears from out of thin air!
The magic dart hits you.
You hear some strange, mumbled words.
A magic dart appears from out of thin air!
The magic dart hits you.
You completely miss something.
You feel less confused.
Something hits you but does no damage. x2; You blink.
You hear some strange, mumbled words.
You are confused.
You hear some strange, mumbled words.
Something tries to affect you, but you resist.
Something hits you but does no damage. Space warps horribly around you!!
* * * LOW HITPOINT WARNING * * *
Something hits you but does no damage. Space warps horribly around you!
You die...

..(... ......#
......# .. ......# #
#...####.#.#$#.#
#.............. #
#####$....##.#
#.#....<[.......
#.....@#...###.###
#.#.##.{............
#............###..#
###.##.#.....)# #
#.######.# #.# #.#
#.# #.# # # #.# #.#
.#.# #<# #.##....#
..


There were no monsters in sight!

Vanquished Creatures
  A phantom (D:2)
  An orc wizard (D:3)
  3 adders (D:2)
  3 gnolls
  A shadow imp (D:4)
  A worm (D:2)
  11 orcs
  6 goblins
  9 hobgoblins
  9 jackals
  3 quokkas (D:2)
  8 bats
  2 frilled lizards (D:3)
  6 kobolds
  5 rats
69 creatures vanquished.

Vanquished Creatures (others)
  An orc wizard (D:3)
1 creature vanquished.

Grand Total: 70 creatures vanquished

Notes
Turn   | Place    | Note
-------+----------+-------------------------------------------
     0 | D:1      | Ladykiller69 the Hill Orc Gladiator began the quest for the
                  | Orb.
     0 | D:1      | Reached XP level 1. HP: 18/18 MP: 1/1
   485 | D:1      | Reached XP level 2. HP: 25/25 MP: 2/2
   569 | D:1      | Found a broken altar of Ashenzari.
  1024 | D:2      | Noticed a phantom
  1368 | D:2      | Reached XP level 3. HP: 25/30 MP: 3/3
  1432 | D:2      | Reached skill level 1 in Armour
  1734 | D:1      | Reached skill level 5 in Axes
  1734 | D:1      | Reached XP level 4. HP: 28/38 MP: 4/4
  2887 | D:2      | Killed a phantom
  2888 | D:2      | Reached XP level 5. HP: 33/45 MP: 5/5
  3078 | D:3      | Reached skill level 6 in Axes
  3318 | D:3      | Reached XP level 6. HP: 46/52 MP: 6/6
  3621 | D:3      | Found an iron altar of Okawaru.
  3624 | D:3      | Found a bloodstained altar of Trog.
  3742 | D:3      | Noticed a sky beast
  3819 | D:3      | You fall into a shaft and drop 1 floor!
  3922 | D:4      | Slain by an orc wizard

Illustrated notes

Levels and vault maps discovered:
D:1:      psy_arrival_conway, layout_basic, serial_forest,
          infiniplex_forest_lined_corner, infiniplex_forest_clump_medium,
          infiniplex_forest_lined_room_, infiniplex_forest_diagonal,
          infiniplex_forest_lined_room_2, infiniplex_forest_clump_long,
          infiniplex_forest_straight_1, infiniplex_forest_lined_corner,
          infiniplex_forest_straight_2, ashenzari_altar_1
D:2:      layout_basic
D:3:      layout_loops_cross, gammafunk_temple_overflow_wave
D:4:      layout_basic, serial_rivers, chequers_serial_rivers_room_b,
          chequers_serial_rivers_micro_b, chequers_serial_rivers_micro_d,
          chequers_serial_rivers_micro_d, chequers_serial_rivers_micro_d

Skill      XL: |  1  2  3  4  5  6 |
---------------+-------------------+-----
Throwing       | 2 |  2.1
Armour         | 1 2 |  2.6
Fighting       | 3 4 |  4.0
Axes           | 5 6 |  6.4
Dodging        | 3 |  3.2

Action                   |  1- 3 |  4- 6 || total
-------------------------+-------+-------++-------
Melee: War axe           |    94 |   180 ||   274
Armor: Ring mail         |     8 |       ||     8
       Leather armour    |     2 |       ||     2
       Chain mail        |    50 |   120 ||   170
Dodge: Dodged            |    48 |    94 ||   142
